 Dungeon Crawl Stone Soup version 0.29-a0-243-g602b31c20e (webtiles) character file.

Game seed: 1355132967441827150

2464 mdonais the Sneak (level 9, 0/64 HPs)
             Began as an Octopode Delver on Mar 4, 2022.
             Was a Priest of Cheibriados.
             Slain by a bullfrog (6 damage)
             ... on level 7 of the Dungeon.
             The game lasted 00:29:02 (8040 turns).

mdonais the Sneak (Octopode Delver)                 Turns: 8040, Time: 00:29:03

Health: 0/64       AC:  1    Str: 25    XL:     9   Next: 50%
Magic:  12/21      EV: 17    Int: 31    God:    Cheibriados [***...]
Gold:   205        SH:  0    Dex: 25    Spells: 3/13 levels left

rFire   x . .      SeeInvis .   a - +3 short sword
rCold   + . .      Faith    +   (no shield)
rNeg    . . .      Spirit   .   (helmet restricted)
rPois   +          Reflect  .   G - amulet of faith
rElec   .          Harm     .   c - ring of magical power
rCorr   .          Rampage  .   w - +6 ring of intelligence
Will    .....                   o - ring of poison resistance
Stlth   +++++.....              y - ring of wizardry
HPRegen 0.20/turn               j - ring "Laasisuo" {Ice Str+6 Int+4}
MPRegen 0.17/turn               (no ring)
                                (no ring)
                                (no ring)

@: very slow
A: almost no armour, amphibious, 8 rings, camouflage 1, gelatinous body 1,
(nimble swimmer 1), tentacles, low MP 1
a: Renounce Religion, Bend Time, Temporal Distortion


You were on level 7 of the Dungeon.
You worshipped Cheibriados.
Cheibriados was most pleased with you.
You visited 1 branch of the dungeon, and saw 7 of its levels.

You collected 205 gold pieces.

Inventory:

Hand Weapons
 a - a +3 short sword (weapon)
   (You found it on level 6 of the Dungeon)
 b - a +0 shortbow
   (You took it off a centaur on level 5 of the Dungeon)
 u - a +7 battleaxe
   (You found it on level 7 of the Dungeon)
Missiles
 d - 170 stones (quivered)
 t - 6 boomerangs
 v - 13 poisoned darts
 F - 3 curare-tipped darts
 K - a boomerang of dispersal
Jewellery
 c - a ring of magical power (left tentacle)
   (You found it on level 5 of the Dungeon)
 j - the ring "Laasisuo" (on tentacle) {Ice Str+6 Int+4}
   (You acquired it on level 7 of the Dungeon)

   [ring of ice]

   It enhances your ice magic.
   Str:       It affects your strength (+6).
   Int:       It affects your intelligence (+4).
   rF:        It makes you vulnerable to fire.
   rC:        It protects you from cold.
 o - a ring of poison resistance (on tentacle)
   (You found it on level 3 of the Dungeon)
 w - a +6 ring of intelligence (right tentacle)
   (You found it on level 3 of the Dungeon)
 y - a ring of wizardry (on tentacle)
   (You found it on level 5 of the Dungeon)
 G - an amulet of faith (around mantle)
   (You took it off a centaur on level 6 of the Dungeon)
Wands
 r - a wand of charming (4)
   (You found it on level 7 of the Dungeon)
 A - a wand of acid (2)
   (You found it on level 7 of the Dungeon)
 D - a wand of digging (3)
Scrolls
 e - a scroll of summoning {unknown}
 f - 2 scrolls of enchant weapon {unknown}
 k - a scroll of vulnerability {unknown}
 n - a scroll of noise {unknown}
 q - 2 scrolls of immolation {unknown}
 s - 2 scrolls of amnesia {unknown}
 x - a scroll of fog
 B - 2 scrolls of blinking
 C - a scroll of fear
 M - 2 scrolls of magic mapping
 T - 4 scrolls of teleportation
Potions
 g - 2 potions of mutation
 h - a potion of brilliance {unknown}
 i - a potion of attraction
 l - 5 potions of flight
 m - a potion of lignification {unknown}
 p - 2 potions of heal wounds
 E - 3 potions of resistance {unknown}
 Q - 4 potions of curing


   Skills:
 - Level 7.0 Fighting
 - Level 4.0 Short Blades
 - Level 2.0 Throwing
 - Level 5.0 Dodging
 - Level 7.1 Stealth
 + Level 2.4 Unarmed Combat
 + Level 2.9 Spellcasting
 - Level 2.0 Hexes
 - Level 4.7 Summonings
 - Level 2.0 Transmutations
 - Level 4.0 Poison Magic
 + Level 2.2 Evocations


You had 3 spell levels left.
You knew the following spells:

 Your Spells              Type           Power      Damage    Failure   Level
a - Spider Form           Tmut/Pois      23%        N/A       2%          3
b - Call Canine Familiar  Summ           34%        N/A       1%          3
c - Summon Guardian Gole  Hex/Summ       25%        N/A       1%          3
d - Summon Small Mammal   Summ           100%       N/A       1%          1

Your spell library contained the following spells:

 Spells                   Type           Power      Damage    Failure   Level
 Slow                     Hex            64%        N/A       1%          1
 Ensorcelled Hibernation  Hex/Ice        32%        N/A       2%          2
 Ignite Poison            Fire/Tmut/Pois 16%        N/A       3%          3
 Static Discharge         Conj/Air       4%         N/A       4%          2
 Conjure Flame            Conj/Fire      4%         6-21      9%          3
 Anguish                  Hex/Necr       5%         N/A       17%         4
 Dispel Undead            Necr           4%         3d7       26%         4
 Passage of Golubria      Tloc           4%         N/A       26%         4
 Sticky Flame             Conj/Fire      4%         2d3       26%         4
 Silence                  Hex/Air        5%         N/A       43%         5
 Dispersal                Tloc           2%         N/A       98%         6
 Disjunction              Tloc           2%         N/A       100%        8
 Lehudib's Crystal Spear  Conj/Erth      2%         10d2      100%        8


Dungeon Overview and Level Annotations

Branches:
Dungeon (7/15)             Temple (0/1) D:7

Altars:
Cheibriados
Hepliaklqana
Okawaru
Qazlal
Ru
Sif Muna
Xom
Beogh

Annotations:
D:6 3 runed translucent doors, spaghetti's ghost, weakling DsDe


Innate Abilities, Weirdness & Mutations

You cannot wear most types of armour.
You are amphibious.
You can wear up to eight rings at the same time.
Your skin changes colour to match your surroundings (Stealth+).
Your rubbery body absorbs attacks. (AC +1, EV +1)
((You are camouflaged when in or above water. (Stealth+)))
You have tentacles for arms and can constrict up to eight enemies at once.
Your magical capacity is low. (-10% MP)


Message History

The helpless crimson imp fails to defend itself.
You spit the crimson imp like a pig!!!
You kill the crimson imp!
Cheibriados appreciates the change of pace.
The crimson imp shouts!
The crimson imp blinks!
The teleport trap disappears.
The crimson imp disappears!
No target in view!
MP restored: 20 You open the door.
There is an open door here.
Your hound disappears in a puff of smoke!
You miss the crimson imp. Your grab misses the crimson imp.
Your squeeze misses the crimson imp. The crimson imp hits you.
You take 1 damage, and have 62/63 hp.
You barely miss the crimson imp. Your grab misses the crimson imp.
You squeeze the crimson imp.
The crimson imp is lightly wounded.
The crimson imp shouts, "Quit, thou mammering milk-livered swadder!"
The crimson imp hits you.
You take 3 damage, and have 59/63 hp.
You barely miss the crimson imp. You grab the crimson imp.
You squeeze the crimson imp!
The crimson imp is severely wounded.
You constrict the crimson imp. The crimson imp misses you.
You hit the crimson imp. You squeeze the crimson imp.
You kill the crimson imp!
Cheibriados appreciates the change of pace.
No target in view!
d - 170 stones (gained 19)
You pick up an Everburning Encyclopedia and begin reading...
You add the spells Conjure Flame and Ignite Poison to your library.
Health restored: 63 You now have 205 gold pieces (gained 11).
Found a potion of haste.
Found a scale mail.
Found a shimmering blue altar of Sif Muna.
Maggie the Vainglorious comes into view.
She is wielding a +1 halberd of flaming.
Casting: Call Canine Familiar (safe; 1% risk of failure)
Confirm with . or Enter, or press ? or * to list all spells.
You now have 17/20 mp.
Casting: Call Canine Familiar (safe; 1% risk of failure)
Confirm with . or Enter, or press ? or * to list all spells.
A guardian golem appears, shielding your allies.
You now have 14/20 mp.
What are your orders? t - Shout!
Orders for allies: a - Attack new target. r - Retreat! s - Stop attacking. g - Guard the area. f - Follow me.
Anything else - Cancel.
Gang up on whom?
Press: ? - help, Dir - move target, f - you Really target yourself?
Okay, then.
Unknown command.
Maggie shouts!
Found 8 gold pieces.
Maggie barely misses you.
You swap places.
Maggie gestures at you while chanting.
The bolt of fire hits your guardian golem!
Your guardian golem resists.
The bolt of fire hits you!! The fire burns you terribly!
You take 19 damage, and have 44/63 hp.
MASSIVE DAMAGE!!
Maggie says, "Leave now, and tell all of Margery's mercy!"
Maggie hits your guardian golem with a +1 halberd of flaming!
Maggie burns your guardian golem.
Maggie hits your guardian golem but does no damage.
What are your orders? t - Shout!
Orders for allies: a - Attack new target. r - Retreat! s - Stop attacking. g - Guard the area. f - Follow me.
Anything else - Cancel.
Okay, then.
What are your orders? t - Shout!
Orders for allies: a - Attack new target. r - Retreat! s - Stop attacking. g - Guard the area. f - Follow me.
Anything else - Cancel.
Gang up on whom?
Press: ? - help, Dir - move target, f - Maggie
Aim: Maggie, wielding a +1 halberd of flaming and wearing +0 swamp dragon scales (ally target) Attack!
Maggie casts a spell.
Maggie attempts to bespell you!
You are mesmerised by Maggie!
Maggie points at you and mumbles some strange words.
The bolt of fire hits your guardian golem.
Your guardian golem resists.
The bolt of fire misses you.
Your guardian golem overheats!
Maggie hits your guardian golem but does no damage.
Maggie hits your guardian golem with a +1 halberd of flaming!
Flame seeps out of your guardian golem.
Your guardian golem is engulfed in blazing flames.
Flame seeps out of your guardian golem.
You cannot move away from Maggie!
Unknown command.
You cannot move away from Maggie!
Unknown command.
Maggie hits your guardian golem with a +1 halberd of flaming!
Your guardian golem disappears in a puff of smoke!
Your guardian golem explodes!
The fiery explosion engulfs Maggie!
The fiery explosion engulfs your wolf!!
You hear a loud, deep croak!
You break out of your daze!
Your wolf is engulfed in blazing flames. x2
Your wolf dies!
Your wolf's corpse disappears in a puff of smoke!
Casting: Summon Guardian Golem (dangerous; 2% risk of failure)
Confirm with . or Enter, or press ? or * to list all spells.
A guardian golem appears, shielding your allies.
You now have 14/20 mp.
Casting: Summon Guardian Golem (dangerous; 2% risk of failure)
Confirm with . or Enter, or press ? or * to list all spells.
You now have 11/20 mp.
You swap places.
Maggie is engulfed in blazing flames. x2
Maggie barely misses you.
You swap places.
A bullfrog comes into view.
Maggie is engulfed in blazing flames.
Maggie hits your guardian golem with a +1 halberd of flaming!!
Maggie burns your guardian golem.
Your wolf bites Maggie!
Your wolf closely misses Maggie.
Maggie is engulfed in blazing flames.
Maggie hits your guardian golem but does no damage.
Your wolf closely misses Maggie.
Your wolf bites Maggie but does no damage.
Maggie is engulfed in blazing flames.
Maggie points at you and mumbles some strange words.
The bolt of fire hits your guardian golem!
Your guardian golem resists.
The bolt of fire hits you!!! The fire burns you terribly!
Ouch! That really hurt!
* * * LOW HITPOINT WARNING * * *
Your guardian golem overheats!
You take 41 damage, and have 6/63 hp.
MASSIVE DAMAGE!!
Your wolf bites Maggie.
Maggie dies!
Cheibriados appreciates the change of pace.
Training target 7.0 for Fighting reached!
Training target 4.0 for Poison Magic reached!
Your Fighting skill increases to level 7!
Your Unarmed Combat skill increases to level 2!
Your Poison Magic skill increases to level 4!
Your Evocations skill increases to level 2!
There is a stone staircase leading down here.
The bullfrog hits you.
You die...

.<..#####.####.####...##.........
....# .....................##.
....# .####.####..............
...## .#.......#.............#
..## .#.##.##.#....######.#.# ###
...#...#....#.....##.#..
.###._!###○.#####.......
.......F9h.## #####..##.
###....@#...............
#.##....#############. ........##
#. .$####..## #< #### ## #


You could see a bullfrog, a friendly guardian golem (summoned, inner flame) and
a friendly wolf (summoned, sheltered).

Vanquished Creatures
  A steam dragon (D:7)
  An orc warrior (D:7)
  An ogre (D:4)
  A centaur (D:5)
  A bullfrog (D:7)
  5 scorpions
  2 wights
  2 killer bees (D:7)
  3 crimson imps (D:7)
  2 hounds (D:5)
  An orc priest (D:7)
  An iguana (D:6)
  An orc wizard (D:5)
  A gnoll (D:5)
  7 adders
  2 shadow imps
  2 white imps
  An ufetubus (D:5)
  A worm (D:5)
  3 dart slugs
  6 orcs
  6 endoplasms
  3 giant cockroaches
  10 goblins
  4 hobgoblins
  8 jackals
  6 kobolds
  4 quokkas
  11 ball pythons
  6 bats
  4 frilled lizards
  4 rats
111 creatures vanquished.

Vanquished Creatures (collateral kills)
  Maggie (D:7)
  A water moccasin (D:6)
  A sky beast (D:7)
  A centaur (D:6)
  A wight (D:7)
  A killer bee (D:7)
  An orc priest (D:5)
  An orc wizard (D:6)
  2 gnolls (D:5)
  A white imp (D:6)
  3 orcs
14 creatures vanquished.

Vanquished Creatures (others)
  Menkaure (D:5)
  5 wights
6 creatures vanquished.

Grand Total: 131 creatures vanquished

Notes
Turn   | Place    | Note
-------+----------+-------------------------------------------
     0 | D:5      | mdonais the Octopode Delver began the quest for the Orb.
     0 | D:5      | Reached XP level 1. HP: 16/16 MP: 1/1
     9 | D:5      | Noticed a scorpion
    66 | D:5      | Reached XP level 2. HP: 10/21 MP: 2/2
    68 | D:5      | HP: 1/21 [scorpion (6)]
   113 | D:5      | Noticed a centaur
   522 | D:4      | Noticed an ogre
   635 | D:4      | Noticed a scorpion
   931 | D:3      | Reached XP level 3. HP: 21/26 MP: 3/3
  1576 | D:1      | Reached XP level 4. HP: 31/31 MP: 4/4
  1639 | D:1      | Found a faded altar of an unknown god.
  1649 | D:1      | Got Plato's Collected Works on Execration
  2001 | D:2      | Found a snail-covered altar of Cheibriados.
  2009 | D:2      | Became a worshipper of Cheibriados the Contemplative
  2015 | D:2      | Learned a level 1 spell: Summon Small Mammal
  2570 | D:3      | Noticed a scorpion
  2577 | D:3      | Killed a scorpion
  2578 | D:3      | Reached skill level 1 in Throwing
  2578 | D:3      | Reached skill level 1 in Summonings
  2578 | D:3      | Reached XP level 5. HP: 37/37 MP: 4/6
  2622 | D:3      | Reached * piety under Cheibriados
  2655 | D:3      | Reached skill level 1 in Spellcasting
  2659 | D:3      | Learned a level 3 spell: Call Canine Familiar
  3329 | D:4      | Found an iron altar of Okawaru.
  3533 | D:4      | Killed an ogre
  3534 | D:4      | Reached XP level 6. HP: 43/43 MP: 8/8
  3691 | D:4      | Found a sacrificial altar of Ru.
  4067 | D:5      | Reached XP level 7. HP: 15/49 MP: 10/10
  4306 | D:5      | Reached skill level 5 in Fighting
  4375 | D:5      | Learned a level 3 spell: Summon Guardian Golem
  4393 | D:5      | Reached ** piety under Cheibriados
  4483 | D:5      | Noticed Menkaure
  4498 | D:5      | Killed Menkaure
  5287 | D:5      | Reached XP level 8. HP: 46/56 MP: 4/11
  6133 | D:6      | Reached skill level 1 in Hexes
  6235 | D:6      | Found a runed translucent gate.
  6235 | D:6      | Found a runed translucent gate.
  6235 | D:6      | Found a runed translucent gate.
  6238 | D:6      | Identified the +5 plate armour of Brilliance {Will++ Dex+3}
  6240 | D:6      | Noticed spaghetti's ghost (weakling DsDe)
  6475 | D:6      | Gained mutation: Your magical capacity is low. (-10% MP)
                  | [potion of mutation]
  6501 | D:6      | Reached *** piety under Cheibriados
  7258 | D:7      | Identified a scroll of acquirement
  7259 | D:7      | Acquired the ring "Laasisuo" {Ice Str+6 Int+4}
  7266 | D:7      | Learned a level 3 spell: Spider Form
  7299 | D:7      | Found a stormy altar of Qazlal.
  7307 | D:7      | Reached skill level 5 in Dodging
  7348 | D:7      | Found a hazy altar of Hepliaklqana.
  7385 | D:7      | Reached skill level 1 in Transmutations
  7385 | D:7      | Reached skill level 1 in Poison Magic
  7569 | D:7      | Reached XP level 9. HP: 60/63 MP: 11/11
  7672 | D:7      | Reached skill level 1 in Evocations
  7673 | D:7      | Reached skill level 1 in Unarmed Combat
  7680 | D:7      | Found a staircase to the Ecumenical Temple.
  7925 | D:7      | Found a shimmering altar of Xom.
  8018 | D:7      | Found a shimmering blue altar of Sif Muna.
  8019 | D:7      | Noticed Maggie
  8039 | D:7      | Killed Maggie
  8040 | D:7      | Slain by a bullfrog

Illustrated notes

Levels and vault maps discovered:
D:1:      eino_arrival_water_cross, layout_rooms,
          shapermc_ecumenical_altar_rom_forum
D:2:      layout_loops_ring, basic_altar, kennysheep_generic_room_8
D:3:      layout_basic
D:4:      nicolae_cairo_tiling_very_big, layout_layer_cave, okawaru_gym_becter,
          nicolae_ru_path_of_blood
D:5:      layout_basic, uniq_menkaure
D:6:      layout_basic, biasface_ghost_orc_armoury
D:7:      layout_rooms, nzn_hepliaklqana_mist_gate, led_xom_imps,
          tgw_kikubaaqudgha, mainiacjoe_overflow_large_starburst,
          minmay_temple_entry_ruins, uniq_maggie

Skill      XL: |  1  2  3  4  5  6  7  8  9 |
---------------+----------------------------+-----
Stealth        | 7 |  7.1
Short Blades   | 3 4 |  4.0
Throwing       | 1 2 |  2.0
Dodging        | 3 5 |  5.0
Summonings     | 1 2 3 4 |  4.7
Spellcasting   | 1 2 |  2.9
Fighting       | 4 5 6 7 |  7.0
Hexes          | 2 |  2.0
Transmutations | 1 2 |  2.0
Poison Magic   | 1 4 |  4.0
Evocations     | 2 |  2.2
Unarmed Combat | 2 |  2.4

Action                   |  1- 3 |  4- 6 |  7- 9 || total
-------------------------+-------+-------+-------++-------
Melee: Short sword       |    58 |    64 |    53 ||   175
       Constrict         |    17 |    17 |    12 ||    46
       Tentacles         |     9 |    11 |    13 ||    33
       Punch             |       |     2 |     3 ||     5
       Unarmed           |       |       |    13 ||    13
 Fire: Shortbow          |       |       |    35 ||    35
Throw: Boomerang         |     2 |     4 |       ||     6
       Dart              |       |    27 |     4 ||    31
       Stone             |       |     3 |     3 ||     6
 Cast: Call Canine Famil |       |     1 |    21 ||    22
       Summon Small Mamm |       |     1 |     1 ||     2
       Summon Guardian G |       |       |    17 ||    17
       Spider Form       |       |       |     2 ||     2
  Use: Potion            |     1 |       |     3 ||     4
       Scroll            |     1 |       |     6 ||     7
 Stab: Sleeping          |     5 |    14 |     3 ||    22
       Distracted        |       |       |     1 ||     1
Armor: Skin              |     5 |     3 |       ||     8
Dodge: Dodged            |    28 |    26 |    59 ||   113

Table legend: (Time is in decaauts)
 A = Elapsed time spent in this place.
 B = Non-inter-level travel time spent in this place.
 C = Inter-level travel time spent in this place.
 D = Time resting spent in this place.
 E = Time spent auto-exploring this place.
 F = Levels seen in this place.
 G = Mean time per level.
                   A        B        C        D        E       F      G
               +--------+--------+--------+--------+--------+-----+--------+
         Total |  10035 |   9859 |    176 |   1751 |   6139 |   7 | 1433.6 |
       Dungeon |  10035 |   9859 |    176 |   1751 |   6139 |   7 | 1433.6 |
               +--------+--------+--------+--------+--------+-----+--------+

Top non-repeatable levels by time:
     D:5: 2764 daAuts
     D:4: 1866 daAuts
     D:6: 1689 daAuts
     D:3: 1179 daAuts
     D:7: 1097 daAuts
     D:2: 889 daAuts
     D:1: 549 daAuts
